 Dungeon Crawl Stone Soup version 0.30.0-17-ge0270778cf (webtiles) character file.

Game seed: 2899488794599417517

60 sampeng1 the Trooper (level 4, -2/35 HPs)
             Began as a Human Cinder Acolyte on May 23, 2023.
             Was a High Priest of Ignis.
             Slain by a gnoll
             ... wielding a +0 halberd
              (9 damage)
             ... on level 2 of the Dungeon.
             The game lasted 00:04:50 (1495 turns).

sampeng1 the Trooper (Human Cinder Acolyte)         Turns: 1495, Time: 00:04:50

Health: -2/35      AC:  2    Str: 15    XL:     4   Next: 25%
Magic:  1/6        EV: 26    Int: 16    God:    Ignis [*****.]
Gold:   49         SH:  0    Dex:  8    Spells: 4/6 levels left

rFire   + . .        a - +2 hand axe (flame)
rCold   . . .        (no shield)
rNeg    . . .        b - +0 robe
rPois   .            (no helmet)
rElec   .            (no cloak)
rCorr   .            (no gloves)
SInv    .            (no boots)
Will    .....        g - amulet of the acrobat
Stlth   +            (no ring)
HPRegen 0.25/turn    (no ring)
MPRegen 0.10/turn

%: acrobat
@: acrobatic
A: no striking features
a: Renounce Religion, Fiery Armour, Foxfire Swarm, Rising Flame


You were on level 2 of the Dungeon.
You worshipped Ignis.
Ignis was extremely pleased with you.
You visited 1 branch of the dungeon, and saw 2 of its levels.

You collected 49 gold pieces.

Inventory:

Hand Weapons
 a - a +2 hand axe of flaming (weapon)
 d - a +0 sling
Missiles
 e - 18 stones (quivered)
Armour
 b - a +0 robe (worn)
Jewellery
 g - an amulet of the acrobat (around neck)
Scrolls
 h - 2 scrolls of identify {unknown}
Potions
 c - a potion of heal wounds {unknown}
 f - a potion of attraction {unknown}
 i - a potion of haste {unknown}


   Skills:
 + Level 3.5 Fighting
 + Level 3.5 Axes
 + Level 1.9 Spellcasting
 + Level 3.4 Fire Magic


You had 4 spell levels left.
You knew the following spells:

 Your Spells              Type           Power      Damage    Failure   Level
a - Scorch                Fire           24%        2d6       8%          2

Your spell library contained the following spells:

 Spells                   Type           Power      Damage    Failure   Level


Dungeon Overview and Level Annotations

Branches:
Dungeon (2/15)

Altars:


Message History

The gnoll hits you from afar with a +0 halberd!
Casting: Scorch (safe; 8% risk of failure)
Confirm with . or Enter, or press ? or * to list all spells.
Flames lash the gnoll.
The gnoll is lightly wounded.
The gnoll's fire resistance burns away.
A gnoll comes into view. It is wielding a +0 halberd.
Casting: Scorch (safe; 8% risk of failure)
Confirm with . or Enter, or press ? or * to list all spells.
You don't have enough magic to cast this spell.
The gnoll hits you from afar with a +0 halberd!
You barely miss the gnoll.
The gnoll is severely wounded.
The gnoll closely misses you. The gnoll barely misses you.
You hit the gnoll. You burn the gnoll.
The gnoll is almost dead.
The gnoll is no longer more vulnerable to fire.
The gnoll closely misses you. The gnoll hits you with a +0 flail.
You hit the gnoll. You burn the gnoll.
You kill the gnoll!
The gnoll barely misses you.
Your magical contamination has completely faded away.
Casting: Scorch (safe; 8% risk of failure)
Confirm with . or Enter, or press ? or * to list all spells.
Okay, then.
The gnoll misses you.
Okay, then.
The gnoll hits you from afar with a +0 halberd!
* * * LOW HITPOINT WARNING * * *
Casting: Scorch (safe; 8% risk of failure)
Confirm with . or Enter, or press ? or * to list all spells.
Flames lash the gnoll.
The gnoll is severely wounded.
The gnoll's fire resistance burns away.
The gnoll closely misses you.
Casting: Scorch (safe; 8% risk of failure)
Confirm with . or Enter, or press ? or * to list all spells.
You don't have enough magic to cast this spell.
The gnoll completely misses you.
The gnoll hits you from afar with a +0 halberd!
You die...

...#....#.#####
.....##.#......
..>............
...
.....##.#######
.. ...####.# ..
...# #.# #.. ..
#### #.# #.# #.
#.##############
#.# #.
#.........@gg..#
#.# #g
##############.#
##.## #.
#.###...#####.
#g##..........
#.#.......###.
#.........# #.
###g......###.
##..........
##...######


You could see 2 gnolls.

Vanquished Creatures
  An adder (D:2)
  A gnoll (D:2)
  A worm (D:2)
  A dart slug (D:1)
  An orc (D:2)
  4 ball pythons (D:1)
  3 bats (D:1)
  4 endoplasms (D:1)
  4 giant cockroaches
  2 goblins (D:1)
  3 hobgoblins
  4 quokkas
  3 frilled lizards (D:1)
32 creatures vanquished.

Notes
Turn   | Place    | Note
-------+----------+-------------------------------------------
     0 | D:1      | sampeng1 the Human Cinder Acolyte began the quest for the
                  | Orb.
     0 | D:1      | Reached XP level 1. HP: 18/18 MP: 2/2
   156 | D:1      | Reached XP level 2. HP: 20/24 MP: 3/3
   161 | D:1      | Learned a level 2 spell: Scorch
   502 | D:1      | Reached XP level 3. HP: 26/29 MP: 0/5
   906 | D:1      | Found a faded altar of an unknown god.
  1324 | D:2      | Reached XP level 4. HP: 25/35 MP: 1/6
  1495 | D:2      | Slain by a gnoll

Illustrated notes

Levels and vault maps discovered:
D:1:      dpeg_arrival_round_a, layout_loops_ring,
          ebering_ecumenical_altar_sacrificial
D:2:      minmay_recursive_quarters, layout_loops_ring, glass_columns_a,
          minmay_tromino_mix6

Action                     |  1- 3 |  4- 6 || total
---------------------------+-------+-------++-------
  Melee: Hand axe          |    59 |     6 ||    65
         Punch             |     2 |       ||     2
  Throw: Stone             |     6 |       ||     6
   Cast: Scorch            |    15 |     4 ||    19
    Use: Scroll            |     4 |       ||     4
 Armour: Robe              |     7 |       ||     7
  Dodge: Dodged            |    29 |    11 ||    40
